 Dungeon Crawl Stone Soup version 0.17.1-1-g73c8601 (webtiles) character file.

5118 abixa the Quickloader (level 10, -2/95 (96) HPs)
             Began as a Minotaur Hunter on Dec 26, 2015.
             Was an Elder of Okawaru.
             Slain by a brown ugly thing (8 damage)
             ... on level 8 of the Dungeon.
             The game lasted 00:24:30 (8223 turns).

abixa the Quickloader (Minotaur Hunter)             Turns: 8223, Time: 00:24:31

HP:   -2/95 (96)    AC:  7    Str: 18    XL:     10   Next: 32%
MP:   10/10         EV:  8    Int:  8    God:    Okawaru [****..]
Gold: 459           SH:  7    Dex: 13    Spells: 0 memorised, 9 levels left

rFire  . . .     SeeInvis .     y - +1 hand crossbow
rCold  + . .     Clarity  .     E - +0 scale mail
rNeg   . . .     SustAt   +     c - +0 shield
rPois  .         Gourm    .     (helmet restricted)
rElec  .         Spirit   .     L - +2 cloak
rCorr  .         Warding  .     h - +0 pair of gloves
rMut   .         Stasis   .     (no boots)
MR     .....                    (no amulet)
Stlth  ..........               T - ring of sustain attributes
                                B - ring of protection from cold

@: corroded equipment, non-regenerating, mildly diseased, not resistant to
hostile enchantments, extremely unstealthy
A: retaliatory headbutt, horns 2
a: Heroism, Renounce Religion


You were on level 8 of the Dungeon.
You worshipped Okawaru.
Okawaru was greatly pleased with you.
You were very hungry.

You visited 2 branches of the dungeon, and saw 9 of its levels.

You collected 459 gold pieces.

Inventory:

Hand Weapons
 a - a +2 dagger of electrocution
 b - a +2 rapier of venom
 y - a +1 hand crossbow (weapon)
 C - a +0 blowgun
 Q - a +0 arbalest
Missiles
 d - 66 bolts (quivered)
 i - 7 steel javelins
 l - 2 throwing nets
 q - 16 bolts of flame
 H - 8 poisoned needles
Armour
 c - a +0 shield (worn)
 h - a +0 pair of gloves (worn)
 E - a +0 scale mail (worn)
 L - a +2 cloak (worn)
Jewellery
 B - a ring of protection from cold (left hand)
 S - an uncursed ring of flight
 T - a ring of sustain attributes (right hand)
Wands
 j - a wand of digging (7)
 P - a wand of polymorph (13)
 U - a wand of digging (20)
 W - a wand of draining (3)
Scrolls
 k - 2 scrolls of blinking {unknown}
 n - a scroll of noise {unknown}
 r - 8 scrolls of remove curse
 s - a scroll of amnesia {unknown}
 v - 2 scrolls of random uselessness {unknown}
 w - a scroll of fear {unknown}
 x - 5 scrolls of teleportation {unknown}
 F - 4 scrolls of recharging {unknown}
 I - 4 scrolls of identify {unknown}
 M - a scroll of immolation {unknown}
 V - a scroll of enchant armour {unknown}
Potions
 f - a potion of ambrosia {unknown}
 g - a potion of magic {unknown}
 m - 2 potions of heal wounds {unknown}
 o - 2 potions of poison {unknown}
 t - 2 potions of might {unknown}
 u - a potion of berserk rage {unknown}
 A - 9 potions of curing {unknown}
 D - a potion of flight {unknown}
 G - a potion of brilliance {unknown}
 J - a potion of resistance {unknown}
 K - 2 potions of invisibility {unknown}
 R - a potion of agility {unknown}
 X - a potion of haste {unknown}
 Y - a potion of degeneration {unknown}
Comestibles
 e - 5 bread rations
 p - 3 beef jerkies
 z - a slice of pizza
 O - 2 fruits
 Z - a meat ration


   Skills:
 + Level 11.2 Fighting
 - Level 12.9 Crossbows
 + Level 3.1 Armour
 + Level 3.2 Dodging
 - Level 0.7 Stealth
 - Level 1.6 Invocations


You had 9 spell levels left.
You didn't know any spells.

Dungeon Overview and Level Annotations

Branches:
Dungeon (8/15)             Temple (1/1) D:4            Lair (0/8) D:8

Altars:
Ashenzari
Cheibriados
Dithmenos
Elyvilon
Fedhas
Gozag
Kikubaaqudgha
Makhleb
Nemelex Xobeh
Okawaru
Qazlal
Ru
Sif Muna
Trog
Vehumet
Xom
Yredelemnul
Zin
The Shining One


Innate Abilities, Weirdness & Mutations

You reflexively headbutt those who attack you in melee.
You have a pair of horns on your head.


Message History

The brown ugly thing is almost dead.
The brown ugly thing headbutts you!
You are splashed with acid!
The acid corrodes you!
The acid burns!
Firing (i - inventory. (,) - cycle):
d - 68 bolts (quivered)
Press: ? - help, Shift-Dir - straight line, f/p - brown ugly thing
Aim: a brown ugly thing (almost dead)
You shoot a bolt.
The bolt barely misses the brown ugly thing.
The brown ugly thing headbutts you!
* * * LOW HITPOINT WARNING * * *
You are splashed with acid!
The acid burns!
* * * LOW HITPOINT WARNING * * *
Firing (i - inventory. (,) - cycle):
d - 67 bolts (quivered)
Press: ? - help, Shift-Dir - straight line, f/p - brown ugly thing
Aim: a brown ugly thing (almost dead)
You shoot a bolt. The bolt hits the brown ugly thing!
The brown ugly thing is almost dead.
The brown ugly thing headbutts you but does no damage.
The brown ugly thing headbutts you!
You die...

#.####
####.....†.# #..
#.#
#####...#####.
#.# #.........
#.# #...#.....
#.# ##.##.....
#.# #.........
#.# #.###.....
#.#########.....
######
#.....@u(.((...#
#
##########.....
.. . .... .... .


You could see a brown ugly thing.

Vanquished Creatures
  A blink frog (D:8)
  Eustachio (D:5)
  2 hippogriffs (D:7)
  Edmund (D:5)
  2 wargs (D:8)
  4 orc warriors
  3 black bears (D:7)
  3 phantoms
  3 ice beasts
  2 centaurs
  7 ogres
  3 scorpions
  7 killer bees (D:8)
  5 crimson imps
  5 hounds
  A gnoll shaman (D:7)
  A jelly (D:5)
  5 orc priests
  Crazy Yiuf (D:3)
  2 centaur skeletons
  2 iguanas
  9 worker ants
  6 orc wizards
  3 giant frog skeletons
  A hound zombie (D:6)
  A hound skeleton (D:5)
  A worker ant zombie (D:7)
  10 adders
  13 gnolls
  2 shadow imps
  An ooze (D:4)
  An adder zombie (D:8)
  5 worms
  9 giant geckos
  26 orcs
  2 giant cockroaches
  7 hobgoblins
  8 jackals
  2 quokkas
  5 ball pythons
  6 bats
  7 giant newts
  9 goblins
  9 kobolds
  12 rats
  A fungus (D:3)
217 creatures vanquished.

Notes
Turn   | Place    | Note
--------------------------------------------------------------
     0 | D:1      | abixa the Minotaur Hunter began the quest for the Orb.
     0 | D:1      | Reached XP level 1. HP: 18/18 MP: 0/0
   151 | D:1      | Reached XP level 2. HP: 20/25 MP: 1/1
   202 | D:1      | Reached skill level 5 in Crossbows
   660 | D:2      | Reached XP level 3. HP: 22/30 MP: 2/2
   959 | D:1      | Reached skill level 6 in Crossbows
  1105 | D:2      | Reached XP level 4. HP: 34/37 MP: 3/3
  1410 | D:3      | Found a glowing golden altar of the Shining One.
  1790 | D:3      | Reached XP level 5. HP: 42/45 MP: 4/4
  2021 | D:3      | Noticed Crazy Yiuf
  2028 | D:3      | Killed Crazy Yiuf
  2132 | D:4      | Noticed an ogre
  2136 | D:4      | Reached skill level 7 in Crossbows
  2139 | D:4      | Killed an ogre
  2139 | D:4      | Reached XP level 6. HP: 48/53 MP: 5/5
  2165 | D:4      | Noticed a centaur
  2210 | D:4      | Killed a centaur
  2210 | D:4      | Reached skill level 5 in Fighting
  2454 | D:4      | Found a staircase to the Ecumenical Temple.
  2464 | Temple   | Entered the Ecumenical Temple
  2477 | Temple   | Became a worshipper of Warmaster Okawaru
  2565 | D:4      | Found a shattered altar of Ashenzari.
  2592 | D:4      | Noticed a phantom
  2611 | D:4      | Killed a phantom
  2611 | D:4      | Reached skill level 8 in Crossbows
  2611 | D:4      | Reached XP level 7. HP: 54/62 MP: 6/6
  3133 | D:5      | Entered Level 5 of the Dungeon
  3197 | D:5      | Noticed Edmund
  3205 | D:5      | Killed Edmund
  3405 | D:5      | Reached * piety under Okawaru
  3405 | D:5      | Reached skill level 9 in Crossbows
  3405 | D:5      | Reached XP level 8. HP: 53/73 MP: 7/7
  3502 | D:5      | Noticed Eustachio
  3509 | D:5      | Killed Eustachio
  3664 | D:5      | Reached skill level 1 in Invocations
  4145 | D:6      | Reached ** piety under Okawaru
  4146 | D:6      | Reached skill level 10 in Crossbows
  4481 | D:6      | Noticed a moth of wrath
  4484 | D:6      | Found a bloodstained altar of Trog.
  4914 | D:6      | Found an ancient bone altar of Kikubaaqudgha.
  4915 | D:6      | Found a burning altar of Makhleb.
  4993 | D:7      | Reached XP level 9. HP: 59/83 MP: 9/9
  5033 | D:7      | Reached skill level 11 in Crossbows
  5343 | D:6      | Reached *** piety under Okawaru
  5666 | D:7      | Reached skill level 10 in Fighting
  5767 | D:7      | Found a white marble altar of Elyvilon.
  6145 | D:7      | Reached skill level 12 in Crossbows
  6499 | D:7      | Found a basalt altar of Yredelemnul.
  6619 | D:8      | Found a sacrificial altar of Ru.
  6663 | D:8      | Noticed a centaur skeleton
  6674 | D:8      | Killed a centaur skeleton
  6674 | D:8      | Reached **** piety under Okawaru
  6755 | D:8      | Received a gift from Okawaru
  6956 | D:8      | Reached XP level 10. HP: 76/94 MP: 10/10
  7682 | D:8      | Reached skill level 1 in Armour
  8080 | D:8      | Found a staircase to the Lair.
  8208 | D:8      | Noticed a brown ugly thing
  8223 | D:8      | Slain by a brown ugly thing

Action                   |  1- 3 |  4- 6 |  7- 9 | 10-12 || total
-------------------------+-------+-------+-------+-------++-------
Melee: Short sword       |    97 |     9 |       |       ||   106
       Dagger            |       |   139 |   277 |    42 ||   458
       Rapier            |       |       |   108 |    47 ||   155
 Fire: Hand crossbow     |       |       |       |    15 ||    15
Throw: Javelin           |       |     1 |     1 |       ||     2
  Use: Scroll            |       |       |     1 |       ||     1
 Stab: Sleeping          |     2 |       |       |       ||     2
       Paralysed         |       |       |     1 |       ||     1
  Eat: Chunk             |     1 |     5 |    14 |     2 ||    22
       Fruit             |       |       |       |     1 ||     1
